 Dungeon Crawl Stone Soup version 0.23.2 (webtiles) character file.

Game seed: 13943544690020761590

356 Peloso the Slasher (level 6, 0/53 HPs)
             Began as a Minotaur Fighter on Apr 9, 2019.
             Slain by Edmund
             ... wielding a +4 flail of protection
              (6 damage)
             ... on level 4 of the Dungeon.
             The game lasted 00:05:36 (3022 turns).

Peloso the Slasher (Minotaur Fighter)               Turns: 3022, Time: 00:05:37

Health: 0/53       AC:  8    Str: 21    XL:     6   Next: 36%
Magic:  5/5        EV:  9    Int:  5    God:
Gold:   188        SH: 10    Dex: 16    Spells: 5/5 levels left

rFire    + . .     SeeInvis .   a - +0 long sword
rCold    x . .     Gourm    .   c - +0 shield
rNeg     . . .     Faith    .   b - +0 scale mail
rPois    .         Spirit   .   (helmet restricted)
rElec    .         Reflect  .   (no cloak)
rCorr    .         Harm     .   o - +0 pair of gloves
MR       .....                  (no boots)
Stlth    ..........             (no amulet)
HPRegen  0.17/turn              h - +5 ring of dexterity
MPRegen  0.09/turn              t - ring of fire

@: lethally poisoned (0 -> -6)
A: retaliatory headbutt, horns 2
a: no special abilities


You were on level 4 of the Dungeon.
You were not hungry.

You visited 1 branch of the dungeon, and saw 4 of its levels.

You collected 188 gold pieces.

Inventory:

Hand Weapons
 a - a +0 long sword (weapon)
Armour
 b - a +0 scale mail (worn)
 c - a +0 shield (worn)
 o - a +0 pair of gloves (worn)
Jewellery
 h - a +5 ring of dexterity (left hand)
 t - a ring of fire (right hand)
Scrolls
 e - a scroll of immolation {unknown}
 g - a scroll of identify
 i - 2 scrolls of teleportation
 j - a scroll of fog {unknown}
 k - a scroll of blinking {unknown}
 p - 4 scrolls of magic mapping {unknown}
 r - a scroll of remove curse {unknown}
 s - a scroll of fear {unknown}
 v - 2 scrolls of amnesia {unknown}
Potions
 d - 2 potions of might
 l - a potion of cancellation
 n - a potion of magic {unknown}
 q - a potion of invisibility {unknown}
Comestibles
 f - 9 rations


   Skills:
 + Level 4.4 Fighting
 + Level 5.2 Long Blades
 + Level 5.1 Armour
 + Level 2.2 Dodging
 + Level 0.1 Stealth
 + Level 4.9 Shields


You had 5 spell levels left.
You didn't know any spells.
Your spell library was empty.

Dungeon Overview and Level Annotations

Branches:
Dungeon (4/15)
 Temple: D:4-7

Altars:
Trog
Uskayaw

Shops:
D:4 =

Annotations:
D:4 Edmund


Innate Abilities, Weirdness & Mutations

You reflexively headbutt those who attack you in melee.
You have a pair of horns on your head.


Message History

The worker ant poisons you!
Unknown command.
You feel better. Edmund hits you but does no damage. The worker ant bites you.
* * * LOW HITPOINT WARNING * * *
You are poisoned.
The worker ant poisons you!
Unknown command.
You hit Edmund but do no damage. Your headbutt misses Edmund.
Edmund is almost dead.
You feel sick. You block the worker ant's attack.
Edmund hits you with a +4 flail of protection.
* * * LOW HITPOINT WARNING * * *
The worker ant bites you but does no damage.
Unknown command.
You hit Edmund but do no damage.
Edmund is almost dead.
* * * LOW HITPOINT WARNING * * *
You feel sick.
Edmund hits you with a +4 flail of protection.
You die...

#..# ##.# #. # #.#
. . #.# .###. #.#
.... #.# #.(# #.###
#..# #####.#.##
#@a#
.......#.#######@.#
#####.###.#...##..#
.. ..## ##....##..#
##### #.........#
.. #.........## ##
#.#.......##
#####...### #...#
#####


You could see Edmund and a worker ant.

Vanquished Creatures
  A black bear (D:4)
  A bullfrog skeleton (D:4)
  A hound (D:4)
  An iguana (D:4)
  A worker ant (D:4)
  4 adders
  4 oozes
  3 worms (D:2)
  3 dart slugs
  3 leopard geckos
  3 orcs (D:3)
  3 giant cockroaches
  14 goblins
  4 hobgoblins
  4 jackals
  11 kobolds
  2 quokkas
  A ball python (D:1)
  9 bats
  10 frilled lizards
  A jackal skeleton (D:4)
  15 rats
99 creatures vanquished.

Notes
Turn   | Place    | Note
-------+----------+-------------------------------------------
     0 | D:1      | Peloso the Minotaur Fighter began the quest for the Orb.
     0 | D:1      | Reached XP level 1. HP: 19/19 MP: 0/0
   209 | D:1      | Reached XP level 2. HP: 25/27 MP: 1/1
   738 | D:1      | Reached XP level 3. HP: 33/33 MP: 2/2
  1329 | D:2      | Reached skill level 1 in Dodging
  1383 | D:2      | Reached XP level 4. HP: 40/40 MP: 3/3
  1441 | D:2      | Found a hide-covered altar of Uskayaw.
  1987 | D:3      | Found a bloodstained altar of Trog.
  2589 | D:4      | Reached XP level 5. HP: 42/46 MP: 4/4
  2785 | D:4      | Noticed a black bear
  2790 | D:4      | Killed a black bear
  2790 | D:4      | Reached skill level 5 in Long Blades
  2790 | D:4      | Reached skill level 5 in Armour
  2790 | D:4      | Reached XP level 6. HP: 44/53 MP: 5/5
  2862 | D:4      | Found Putyupau's Jewellery Shoppe.
  3001 | D:4      | Noticed Edmund
  3019 | D:4      | HP: 2/53 [worker ant (5)]
  3022 | D:4      | Slain by Edmund

Skill      XL: |  1  2  3  4  5 |
---------------+----------------+-----
Shields        | 4 |  4.9
Armour         | 4 5 |  5.1
Fighting       | 4 |  4.4
Long Blades    | 3 4 5 |  5.2
Dodging        | 1 2 |  2.2
Stealth        | |  0.1

Action                   |  1- 3 |  4- 6 || total
-------------------------+-------+-------++-------
Melee: Long sword        |    86 |   134 ||   220
       Headbutt          |    14 |    35 ||    49
  Use: Scroll            |     1 |     2 ||     3
       Potion            |       |     2 ||     2
  Eat: Chunk             |     1 |     6 ||     7
Armor: Scale mail        |    37 |    46 ||    83
Dodge: Dodged            |    31 |    43 ||    74
Block: Shield            |    45 |    83 ||   128
       Rpst.: Long sword |     9 |    14 ||    23
